 Dungeon Crawl Stone Soup version 0.23-a0-175-g97aacdb306 (webtiles) character file.

132 PikkenKukken the Skirmisher (level 4, -4/35 HPs)
             Began as a Demonspawn Fighter on Sept 17, 2018.
             Killed from afar by an orc wizard (8 damage)
             ... with a magic dart
             ... on level 3 of the Dungeon.
             The game lasted 00:02:45 (2603 turns).

PikkenKukken the Skirmisher (Demonspawn Fighter)    Turns: 2603, Time: 00:02:46

Health: -4/35      AC:  8    Str: 17    XL:     4   Next: 92%
Magic:  4/4        EV:  7    Int: 10    God:
Gold:   107        SH: 10    Dex: 12    Spells: 3/3 levels left

rFire    . . .     SeeInvis .   a - +0 long sword
rCold    . . .     Gourm    .   c - +1 shield
rNeg     . . .     Faith    .   b - +0 scale mail
rPois    .         Spirit   .   (no helmet)
rElec    .         Reflect  .   (no cloak)
rCorr    .         Harm     .   (no gloves)
MR       .....                  (no boots)
Stlth    ..........             (no amulet)
HPRegen  0.11/turn              (no ring)
MPRegen  0.09/turn              (no ring)

@: slowed, very slow
A: yellow scales 1, mutation resistance 1, rot immunity
a: no special abilities


You were on level 3 of the Dungeon.
You were hungry.

You visited 1 branch of the dungeon, and saw 3 of its levels.

You collected 107 gold pieces.

Inventory:

Hand Weapons
 a - a +0 long sword (weapon)
Armour
 b - a +0 scale mail (worn)
 c - a +1 shield (worn)
 e - a +0 buckler of cold resistance
Scrolls
 g - 2 scrolls of remove curse
 n - 2 scrolls of enchant armour
Potions
 d - a potion of might
 h - a potion of flight
 i - a potion of magic {unknown}
 j - 2 potions of lignification
 k - a potion of mutation
 l - a potion of agility {unknown}
 m - a potion of cancellation {unknown}
 o - a potion of heal wounds {unknown}
Comestibles
 f - 5 rations


   Skills:
 + Level 3.5 Fighting
 * Level 3.1 Long Blades
 + Level 3.2 Armour
 + Level 1.4 Dodging
 + Level 3.2 Shields


You had 3 spell levels left.
You didn't know any spells.
Your spell library was empty.

Dungeon Overview and Level Annotations

Branches:
Dungeon (3/15)

Altars:


Innate Abilities, Weirdness & Mutations

You are partially covered in yellow scales. (AC +2)
You are immune to rotting.
You are somewhat resistant to further mutation.


Message History

The orc wizard hits you but does no damage.
You block the orc wizard's attack. x2
You barely miss the orc wizard.
The orc wizard is lightly wounded.
You block the orc wizard's attack.
The orc wizard hits you but does no damage.
You hit the orc wizard.
The orc wizard is moderately wounded.
The orc wizard hits you but does no damage.
The orc wizard casts a spell at you. The magic dart hits you!
* * * LOW HITPOINT WARNING * * *
It was a potion of mutation.
You feel extremely strange.
You feel genetically stable.
The orc wizard hits you but does no damage.
You hit the orc wizard but do no damage.
The orc wizard is moderately wounded.
The orc wizard casts a spell at you. The magic dart hits you!
You die...

.......#.......#
.......#.......# .......
.......#.......# .......
...............# .......
.......#...##'## .......
.....#....##.# .o....#
#.........##.# ......#
#.####....##.######......#
#....##.o@)...#
#.#+#########.......# +
#.# ..##%.... ..#.####.#
##.# #... .....<##.# #.#
.. #........# #.#
########## #.# ..#


You could see an orc wizard.

Vanquished Creatures
  Natasha (thrice) (D:2)
  An orc wizard (D:3)
  2 adders (D:2)
  A worm (D:2)
  2 leopard geckos
  3 orcs (D:3)
  4 goblins
  A hobgoblin (D:1)
  2 jackals (D:2)
  A quokka (D:2)
  3 bats
  2 frilled lizards (D:2)
  6 kobolds
  2 rats (D:2)
33 creatures vanquished.

Notes
Turn   | Place    | Note
-------+----------+-------------------------------------------
     0 | D:1      | PikkenKukken the Demonspawn Fighter began the quest for the
                  | Orb.
     0 | D:1      | Reached XP level 1. HP: 18/18 MP: 1/1
   549 | D:1      | Gained mutation: You are immune to rotting. [demonic
                  | ancestry]
   549 | D:1      | Reached XP level 2. HP: 24/24 MP: 2/2
  1079 | D:2      | Reached XP level 3. HP: 18/29 MP: 3/3
  1743 | D:2      | Noticed Natasha
  1749 | D:2      | Killed Natasha
  1749 | D:2      | Reached skill level 1 in Dodging
  1751 | D:2      | Gained mutation: You are partially covered in yellow
                  | scales. (AC +2) [demonic ancestry]
  1751 | D:2      | Reached XP level 4. HP: 29/35 MP: 4/4
  1973 | D:2      | Noticed Natasha
  1981 | D:2      | Killed Natasha
  2054 | D:2      | Noticed Natasha
  2068 | D:2      | Killed Natasha
  2602 | D:3      | Gained mutation: You are somewhat resistant to further
                  | mutation. [potion of mutation]
  2603 | D:3      | Killed from afar by an orc wizard

Vault maps used:
D:1:      lightli_arrival_chessboard
D:2:      kennysheep_generic_room_10, uniq_natasha
D:3:      first_ration

Skill      XL: |  1  2  3  4 |
---------------+-------------+-----
Long Blades    | 2 3 |  3.1
Shields        | 3 |  3.2
Armour         | 3 |  3.2
Dodging        | 1 |  1.4
Fighting       | |  3.5

Action                   |  1- 3 |  4- 6 || total
-------------------------+-------+-------++-------
Melee: Long sword        |    81 |    59 ||   140
  Use: Scroll            |     6 |     2 ||     8
       Potion            |       |     1 ||     1
  Eat: Chunk             |     3 |     2 ||     5
Armor: Scale mail        |    40 |    29 ||    69
Dodge: Dodged            |    39 |    14 ||    53
Block: Shield            |    26 |    31 ||    57
       Buckler           |    10 |       ||    10
       Rpst.: Long sword |    17 |     3 ||    20

Table legend:
 A = Non-vault XP
 B = Vault XP
 C = Vault XP percentage of total XP
 D = Non-vault monster count
 E = Vault monster count
 F = Vault count percentage of total count
                 A         B        C        D         E       F
            +---------+---------+-------+---------+---------+-------
      Total |     152 |      37 |  19.6 |      31 |       2 |   6.1
            +---------+---------+-------+---------+---------+-------
        D:1 |      12 |       0 |   0.0 |       7 |       0 |   0.0
        D:2 |     126 |      37 |  22.7 |      19 |       2 |   9.5
        D:3 |      14 |       0 |   0.0 |       5 |       0 |   0.0
            +---------+---------+-------+---------+---------+-------
